Map: Pylon LE

Players

LigerMaNN

  • Race: Zerg Zerg
  • League: Diamond
  • Spawn Location: 5:00

Legion - Winner!

  • Race: Zerg Zerg
  • League: Diamond
  • Spawn Location: 11:00

VOD

Have the link to the VOD?

Description

Time

  • Played on: June 28, 2025, 2:15 p.m.
  • Length: 4:35
Show
View Real Time Build Order
Export as new Build Order

LigerMaNN Zerg 

Build Orders: Hatch First 

Get SALT Encoding   

  12  0:00  Drone  
  13  0:12  Overlord  
  13  0:20  Drone  
  14  0:31  Drone x2  
  14  0:35  Drone  
  17  0:51  Hatchery  
  17  0:54  Drone  
  17  0:58  Drone  
  18  1:08  Extractor  
  17  1:15  Spawning Pool  
  17  1:18  Drone  
  17  1:20  Drone  
  18  1:28  Drone  
  19  1:39  Overlord  
  19  2:03  Zergling x6, Queen  
  19  2:04  Queen  
  26  2:12  Metabolic Boost  
  26  2:21  Drone x2  
  28  2:23  Drone  
  28  2:25  Drone  
  30  2:40  Overlord  
  30  2:46  Drone  
  30  2:47  Drone x2  
  33  3:00  Hatchery  
  32  3:13  Drone  
  32  3:14  Drone x5  
  38  3:26  Drone x3  
  41  3:30  Roach Warren  
  40  3:34  Evolution Chamber  
  39  3:47  Queen  
  38  3:51  Zergling x4  
  38  3:54  Zergling x4  
  42  4:02  Zergling x4  
Show
View Real Time Build Order
Export as new Build Order

Legion Zerg - Winner!

Build Orders: Hatch First 

Get SALT Encoding   

  12  0:02  Drone  
  13  0:12  Drone  
  14  0:15  Drone, Extractor  
  15  0:37  Hatchery  
  15  0:42  Drone, Extractor  
  14  0:48  Overlord  
  15  1:04  Spawning Pool  
  15  1:07  Drone  
  15  1:10  Drone  
  16  1:14  Drone  
  16  1:17  Extractor  
  16  1:22  Drone  
  17  1:32  Drone  
  18  1:51  Queen x2  
  18  1:54  Zergling x2  
  23  1:55  Zergling x2  
  24  2:09  Overlord  
  24  2:10  Drone x2  
  26  2:22  Metabolic Boost  
  26  2:42  Baneling Nest  
  25  2:47  Queen  
  25  2:50  Zergling x6  
  25  2:51  Evolution Chamber  
  29  3:21  Zergling x2  
  29  3:22  Zergling x12  
  36  3:35  Overlord  
  36  3:40  Overlord  
  36  3:52  Queen  
  38  3:55  Drone  
  38  3:56  Drone x4  
  43  4:03  Baneling x3  
  43  4:04  Baneling  
  43  4:09  Zergling x4  
Tags
 
Matchup
ZvZ
Race
Zerg
Replay Pack
June 2025
Spawn Locations
Cross Positions
Add a new tag
Caveats
  • Supply blocks, unpowered buildings, or Contaminate may cause inaccurate times.
  • Supply counts are checked every 10 seconds.